 Dungeon Crawl Stone Soup version 0.28-a0-823-gb444dcf96d (webtiles) character file.

Game seed: 6743298326812384041

119 SmokeWeed the Sneak (level 4, 0/23 HPs)
             Began as a Spriggan Brigand on Nov 10, 2021.
             Slain by a hobgoblin (4 damage)
             ... on level 3 of the Dungeon.
             The game lasted 00:04:00 (2069 turns).

SmokeWeed the Sneak (Spriggan Brigand)              Turns: 2069, Time: 00:04:01

Health: 0/23       AC:  3    Str:  8    XL:     4   Next: 73%
Magic:  5/5        EV: 17    Int: 12    God:
Gold:   48         SH:  0    Dex: 16    Spells: 3/3 levels left

rFire   . . .      SeeInvis +   a - +2 dagger
rCold   . . .      Faith    .   (shield restricted)
rNeg    . . .      Spirit   .   b - +0 robe
rPois   .          Reflect  .   (helmet restricted)
rElec   .          Harm     .   c - +0 cloak
rCorr   .          Rampage  .   (gloves unavailable)
Will    .....                   (boots unavailable)
Stlth   ++++......              (no amulet)
HPRegen 0.07/turn               (no ring)
MPRegen 0.09/turn               (no ring)

@: lethally poisoned (0 -> -5), very quick
A: very small, no large weapons, unfitting armour, see invisible, speed 3
a: no special abilities


You were on level 3 of the Dungeon.
You visited 1 branch of the dungeon, and saw 3 of its levels.

You collected 48 gold pieces.

Inventory:

Hand Weapons
 a - a +2 dagger (weapon)
Missiles
 d - 8 poisoned darts
 h - 84 stones
 j - 3 boomerangs (quivered)
 k - 33 arrows
 l - 19 bolts
Armour
 b - a +0 robe (worn)
 c - a +0 cloak (worn)
Scrolls
 e - 2 scrolls of identify
 g - a scroll of noise
 i - a scroll of teleportation
Potions
 f - 2 potions of curing
 m - 2 potions of heal wounds {unknown}
 n - a potion of haste {unknown}


   Skills:
 + Level 1.9 Fighting
 + Level 3.1 Short Blades
 + Level 2.7 Throwing
 + Level 2.2 Dodging
 + Level 7.6 Stealth


You had 3 spell levels left.
You didn't know any spells.
Your spell library was empty.

Dungeon Overview and Level Annotations

Branches:
Dungeon (3/15)

Altars:


Innate Abilities, Weirdness & Mutations

You are very small and have problems with some larger weapons.
You are too small for most types of armour.
You have supernaturally acute eyesight. (SInv)
You cover ground extremely quickly. (Speed+++)


Message History

You destroy the centaur zombie!
Your Short Blades skill increases to level 3!
An adder and a hobgoblin come into view.
The hobgoblin shouts!
The giant cockroach bites you.
You hit the giant cockroach.
You kill the giant cockroach!
Throw: 3 boomerangs
Press: ? - help, Q - select action, (/) - cycle Shift-Dir - straight line, f - adder
Aim: an adder (42% to hit)
You throw a boomerang. The boomerang barely misses the adder.
The boomerang hits the hobgoblin but does no damage.
Throw: 3 boomerangs
Press: ? - help, Q - select action, (/) - cycle Shift-Dir - straight line, f/p - adder
Aim: an adder (42% to hit)
You throw a boomerang. The boomerang closely misses the adder.
The boomerang hits the hobgoblin but does no damage.
Throw: 3 boomerangs
Press: ? - help, Q - select action, (/) - cycle Shift-Dir - straight line, f/p - adder
Aim: an adder (42% to hit)
You throw a boomerang. The boomerang closely misses the adder.
The boomerang hits the hobgoblin.
The hobgoblin is moderately wounded.
The adder bites you.
You are poisoned.
The adder poisons you!
You hit the adder.
The adder is moderately wounded.
You feel sick. The adder bites you.
You are lethally poisoned!
The adder poisons you!
You miss the adder.
The adder is moderately wounded.
* * * LOW HITPOINT WARNING * * *
You feel sick. The adder barely misses you.
You closely miss the adder.
The adder is moderately wounded.
* * * LOW HITPOINT WARNING * * *
You feel sick. The adder misses you. The hobgoblin hits you.
You die...

######## #....... .
##############.......
..##...@S...............
....>...g...............
#..........######..........
...<.##.#...### ##.........
#....##.###...####.........
#....## ###...###........
#....# ##...##........
#....# ###...##...######
#....# ###...######.#


You could see an adder and a hobgoblin.

Vanquished Creatures
  A centaur zombie (D:3)
  Terence (D:2)
  2 adders (D:2)
  A dart slug (D:1)
  4 bats
  4 endoplasms
  A giant cockroach (D:3)
  2 hobgoblins (D:1)
  3 jackals (D:1)
  3 quokkas (D:1)
  5 ball pythons (D:1)
  2 frilled lizards
  4 goblins
  4 kobolds
  3 rats
40 creatures vanquished.

Notes
Turn   | Place    | Note
-------+----------+-------------------------------------------
     0 | D:1      | SmokeWeed the Spriggan Brigand began the quest for the Orb.
     0 | D:1      | Reached XP level 1. HP: 10/10 MP: 2/2
    28 | D:1      | Reached skill level 6 in Stealth
   338 | D:1      | Reached XP level 2. HP: 14/15 MP: 3/3
   849 | D:1      | Reached XP level 3. HP: 10/18 MP: 4/4
  1375 | D:2      | Reached skill level 7 in Stealth
  1703 | D:2      | Noticed Terence
  1706 | D:2      | Killed Terence
  1707 | D:2      | Reached XP level 4. HP: 23/23 MP: 5/5
  2069 | D:3      | Slain by a hobgoblin

Illustrated notes

Levels and vault maps discovered:
D:1:      grunt_arrival_lava_bath, layout_loops_ring
D:2:      layout_basic, uniq_terence
D:3:      layout_basic, mainiacjoe_overflow_small_starburst,
          gammafunk_ghost_abyssal_escape,
          dreamdust_ecumenical_altar_drowned_temple, serial_curves,
          eino_curves_04, eino_curves_03, minmay_misc_feat_iff,
          serial_bayou_pond_a

Skill      XL: |  1  2  3  4 |
---------------+-------------+-----
Stealth        | 6 7 |  7.6
Dodging        | 2 |  2.2
Short Blades   | 3 |  3.1
Fighting       | |  1.9
Throwing       | |  2.7

Action                   |  1- 3 |  4- 6 || total
-------------------------+-------+-------++-------
Melee: Dagger            |    83 |    22 ||   105
Throw: Dart              |    13 |       ||    13
       Stone             |    13 |       ||    13
       Boomerang         |     4 |     3 ||     7
  Use: Scroll            |     4 |       ||     4
 Stab: Sleeping          |     9 |     4 ||    13
Armor: Robe              |    10 |     4 ||    14
Dodge: Dodged            |    51 |    22 ||    73

Table legend: (Time is in decaauts)
 A = Elapsed time spent in this place.
 B = Non-inter-level travel time spent in this place.
 C = Inter-level travel time spent in this place.
 D = Time resting spent in this place.
 E = Time spent auto-exploring this place.
 F = Levels seen in this place.
 G = Mean time per level.
                   A        B        C        D        E       F      G
               +--------+--------+--------+--------+--------+-----+--------+
         Total |   1587 |   1566 |     21 |    264 |    986 |   3 |  529.0 |
       Dungeon |   1587 |   1566 |     21 |    264 |    986 |   3 |  529.0 |
               +--------+--------+--------+--------+--------+-----+--------+

Top non-repeatable levels by time:
     D:1: 952 daAuts
     D:2: 567 daAuts
     D:3: 68 daAuts
